 Dungeon Crawl Stone Soup version 0.18-a0-1361-g9293dd1 (webtiles) character file.

58 Minkie the Vexing (level 3, -7/24 HPs)
             Began as a Vampire Enchanter on Feb 20, 2016.
             Mangled by kGEAR's ghost (13 damage)
             ... on level 3 of the Dungeon.
             The game lasted 00:05:58 (1851 turns).

Minkie the Vexing (Vampire Enchanter)               Turns: 1851, Time: 00:05:58

Health: -7/24      AC:  3    Str:  7    XL:     3   Next: 75%
Magic:  3/6        EV:  7    Int: 18    God:
Gold:   86         SH:  0    Dex: 14    Spells: 3 memorised, 0 levels left

rFire  . . .     SeeInvis +     j - +2 dagger (vamp)
rCold  + + .     Gourm    .     b - +1 robe
rNeg   + + +     Faith    .     (no shield)
rPois  +         Spirit   .     (no helmet)
rElec  .         Dismiss  .     (no cloak)
rCorr  .         Reflect  .     (no gloves)
SustAt .         Harm     .     (no boots)
MR     .....                    (no amulet)
Stlth  ++++......               (no ring)
                                (no ring)

@: regenerating slowly, not resistant to hostile enchantments, stealthy
A: fangs 3, see invisible, unbreathing
a: Bat Form


You were on level 3 of the Dungeon.
You were near bloodless.

You visited 1 branch of the dungeon, and saw 3 of its levels.

You collected 86 gold pieces.

Inventory:

Hand Weapons
 a - a +1 dagger
 j - a +2 vampiric dagger (weapon)
Armour
 b - a +1 robe (worn)
Scrolls
 e - a scroll of fear {unknown}
 g - a scroll of identify {unknown}
 i - a scroll of remove curse {unknown}
Potions
 d - 2 potions of blood
 f - 2 potions of agility {unknown}
 h - 2 potions of curing {unknown}
Books
 c - a book of Maledictions

   Spells                             Type                      Level
   a - Corona                         Hexes                        1
   b - Ensorcelled Hibernation        Hexes/Ice                    2
   c - Confuse                        Hexes                        3
   d - Tukima's Dance                 Hexes                        3
   e - Dazzling Spray                 Conjuration/Hexes            3


   Skills:
 + Level 2.2 Short Blades
 - Level 2.1 Dodging
 + Level 5.4 Stealth
 - Level 2.0 Spellcasting
 + Level 5.5 Hexes


You couldn't memorise any spells.
You knew the following spells:

 Your Spells              Type           Power        Failure   Level  Hunger
a - Corona                Hex            ###....      1%          1    #......
b - Ensorcelled Hibernat  Hex/Ice        ##....       12%         2    ###....
c - Confuse               Hex            ###.....     6%          3    ###....


Dungeon Overview and Level Annotations

Branches:
Dungeon (3/15)

Altars:
Nemelex Xobeh

Annotations:
D:3 kGEAR's ghost, amateur TrBe


Innate Abilities, Weirdness & Mutations

You heal slowly.
You have razor-sharp teeth.
You have supernaturally acute eyesight.
You can survive without breathing.


Message History

There is a stone staircase leading up here.
You climb upwards.
There is a stone staircase leading down here.
Memorise Confuse, consuming 3 spell levels and leaving 0?
You start memorising the spell.
You continue memorising. x3
You finish memorising.
Spell assigned to 'c'.
You climb downwards.
Level annotation: kGEAR's ghost, amateur TrBe KGEAR's ghost hits you!
There is a stone staircase leading up here.
Casting: Ensorcelled Hibernation
Confirm with . or Enter, or press ? or * to list all spells.
Aiming: Confuse
Press: ? - help, Shift-Dir - straight line, f - kGEAR's ghost
Aim: kGEAR's ghost (chance to defeat MR: 39%) KGEAR's ghost resists with some effort.
KGEAR's ghost hits you!
* * * LOW HITPOINT WARNING * * *
KGEAR's ghost hits you!
Ouch! That really hurt!
You die...

##...)......
##......##.#.
##....>...#
##............
####).#########.#
#....## #
#.....####
#........#
#..W@###....
###### ... ##


You could see kGEAR's ghost.

Vanquished Creatures
  2 adders (D:2)
  A worm (D:2)
  A giant gecko (D:1)
  A giant cockroach (D:1)
  3 hobgoblins
  2 jackals (D:1)
  A quokka (D:3)
  3 bats
  3 giant newts
  8 goblins
  4 kobolds
  7 rats
36 creatures vanquished.

Notes
Turn   | Place    | Note
--------------------------------------------------------------
     0 | D:1      | Minkie the Vampire Enchanter began the quest for the Orb.
     0 | D:1      | Reached XP level 1. HP: 13/13 MP: 3/3
   324 | D:1      | Reached XP level 2. HP: 17/19 MP: 5/5
   348 | D:1      | Learned a level 2 spell: Ensorcelled Hibernation
   422 | D:1      | Found a sparkling altar of Nemelex Xobeh.
   612 | D:1      | Reached skill level 5 in Hexes
   859 | D:2      | Reached skill level 5 in Stealth
   859 | D:2      | Reached XP level 3. HP: 24/24 MP: 3/6
  1823 | D:3      | Noticed kGEAR's ghost (amateur TrBe)
  1848 | D:2      | Learned a level 3 spell: Confuse
  1851 | D:3      | Mangled by kGEAR's ghost

Vault maps used:
D:1:      elethiomel_arrival_infinity_welcomes_careful_drivers,
          nemelex_altar_shiori
D:2:      kennysheep_big_flooded_room, uniq_crazy_yiuf_cottage
D:3:      ecumenical_altar_2, first_bread, kennysheep_okawaru_gauntlet,
          uniq_grinder

Action                   || total
-------------------------++-------
Melee: Dagger            ||    96
 Cast: Ensorcelled Hiber ||    12
       Confuse           ||     1
 Stab: Sleeping          ||    14
